 Dungeon Crawl Stone Soup version 0.31-a0-345-g1ebeae05c6 (webtiles) character file.

Game seed: 11409925008830371999

63 derpindaisy the Sneak (level 4, -1/23 HPs)
             Began as a Vine Stalker Brigand on July 23, 2023.
             Succumbed to an orc wizard's poison
             ... on level 2 of the Dungeon.
             The game lasted 00:04:24 (930 turns).

derpindaisy the Sneak (Vine Stalker Brigand)         Turns: 930, Time: 00:04:24

Health: -1/23      AC:  3    Str: 16    XL:     4   Next: 9%
Magic:  3/5        EV: 12    Int: 11    God:
Gold:   39         SH:  0    Dex: 15    Spells: 3/3 levels left

rFire   . . .        a - +2 dagger
rCold   . . .        (no shield)
rNeg    . . .        b - +0 robe
rPois   .            (no helmet)
rElec   .            c - +0 cloak
rCorr   .            (no gloves)
SInv    .            (no boots)
Will    .....        (no amulet)
Stlth   +++          (no ring)
HPRegen 1.03/turn    (no ring)
MPRegen 0.09/turn

%: guardian spirit
@: lethally poisoned (-1 -> -10), about to teleport
A: fangs 2, regeneration 1, magic shield, antimagic bite, no potion heal 2
a: no special abilities


You were on level 2 of the Dungeon.
You visited 1 branch of the dungeon, and saw 2 of its levels.

You collected 39 gold pieces.

Inventory:

Hand Weapons
 a - a +2 dagger (weapon)
Missiles
 d - 9 poisoned darts (quivered)
 e - 3 curare-tipped darts
Armour
 b - a +0 robe (worn)
 c - a +0 cloak (worn)
Scrolls
 g - a scroll of enchant weapon
 j - a scroll of blinking {unknown}
Potions
 f - a potion of magic


   Skills:
 + Level 2.6 Fighting
 + Level 2.5 Short Blades
 - Level 1.7 Throwing
 + Level 1.7 Dodging
 - Level 5.0 Stealth


You had 3 spell levels left.
You didn't know any spells.
Your spell library was empty.

Dungeon Overview and Level Annotations

Branches:
Dungeon (2/15)

Altars:

Shops:
D:1 =

Annotations:
D:1 1 runed translucent door


Innate Abilities, Weirdness & Mutations

You have extremely sharp teeth.
Your natural rate of healing is unusually fast.
When hurt, damage is shared between your health and your magic reserves.
Your bite disrupts and absorbs the magic of your enemies.
Potions cannot restore your health.


Message History

The goblin is severely wounded.
The goblin misses you.
You hit the goblin.
You kill the goblin!
Deactivating autopickup; reactivate with Ctrl-A.
You barely miss something. Something hits you.
You hit something but do no damage. Something hits you.
You are poisoned.
You hit the goblin.
You kill the goblin!
You feel sick. Something hits you.
You hit something. Your bite misses something. Something hits you.
You are more poisoned.
You miss something. Your bite misses something.
You feel very sick.
You miss something. Your bite misses something.
You feel sick. Something hits you.
You are more poisoned.
The orc closely misses you.
You barely miss something. Your bite misses something.
You feel very sick. Something hits you. The orc hits you with a +0 club.
It was a potion of magic.
Magic courses through your body.
You feel very sick. Something hits you.
* * * LOW HITPOINT WARNING * * *
The orc hits you with a +0 club.
* * * LOW HITPOINT WARNING * * *
Okay, then.
As you read the scroll labelled ZETWUI UFRUUS, it crumbles to dust.
You feel strangely unstable.
It was a scroll of teleportation.
* * * LOW HITPOINT WARNING * * *
You feel very sick. Something hits you but does no damage.
You are lethally poisoned!
The orc hits you with a +0 club.
As you read the scroll labelled ZAYCRUWU GASAUPO, it crumbles to dust.
You assume a fearsome visage.
The orc looks frightened!
It was a scroll of fear.
You die...

.. ##.####.#####.###.###..#####.
..##.####.#####.###.###..#####.
..............................
..g##.####.#####.###.###..##)##.
....o.o{.........###.#.....#.##.
...##.##...................#.##.
#.##.#.#####.#.#.#.#...#.##.
...........o.................
#####......)@................
#)..####..#...#.#...####.
#...####..###.......# #.
...............#.#..## #.
###..#####..###.#....# #.
....####..###.#....# #.
.)..............[#..# #.
..####..###...#..# #.
#..##..#.#..# #.


You could see an orc (fleeing).

Vanquished Creatures
  An adder (D:2)
  A dart slug (D:2)
  An orc (D:2)
  3 endoplasms (D:1)
  A giant cockroach (D:1)
  4 hobgoblins (D:1)
  2 quokkas (D:1)
  6 ball pythons (D:1)
  A bat (D:1)
  4 frilled lizards (D:1)
  7 goblins
  A kobold (D:1)
  8 rats (D:1)
40 creatures vanquished.

Vanquished Creatures (others)
  An orc wizard (D:2)
1 creature vanquished.

Grand Total: 41 creatures vanquished

Notes
Turn   | Place    | Note
-------+----------+-------------------------------------------
     0 | D:1      | derpindaisy the Vine Stalker Brigand began the quest for
                  | the Orb.
     0 | D:1      | Reached XP level 1. HP: 11/11 MP: 2/2
     1 | D:1      | Found a runed translucent door.
    93 | D:1      | Reached skill level 1 in Dodging
   134 | D:1      | Reached skill level 5 in Stealth
   134 | D:1      | Reached XP level 2. HP: 15/15 MP: 3/3
   221 | D:1      | Found Loty's Jewellery Boutique.
   419 | D:1      | Reached XP level 3. HP: 18/18 MP: 4/4
   918 | D:2      | Gained mutation: Your natural rate of healing is unusually
                  | fast. [Vine Stalker growth]
   918 | D:2      | Reached XP level 4. HP: 22/23 MP: 2/5
   930 | D:2      | Succumbed to an orc wizard's poison

Illustrated notes

Levels and vault maps discovered:
D:1:      dpeg_arrival_caged_fury, layout_loops_ring, serial_shops,
          nicolae_shop_waterfront, st_stairs_9, minivault_11
D:2:      layout_basic

Skill      XL: |  1  2 |
---------------+-------+-----
Dodging        | 1 |  1.7
Fighting       | 2 |  2.6
Stealth        | 5 |  5.0
Short Blades   | 2 |  2.5
Throwing       | |  1.7

Action                     |  1- 3 |  4- 6 || total
---------------------------+-------+-------++-------
  Melee: Dagger            |    76 |     9 ||    85
         Bite              |    13 |     1 ||    14
    Use: Scroll            |     1 |     2 ||     3
         Potion            |       |     1 ||     1
   Stab: Sleeping          |    14 |       ||    14
 Armour: Robe              |    13 |     1 ||    14
  Dodge: Dodged            |    37 |     2 ||    39

Table legend: (Time is in decaauts)
 A = Elapsed time spent in this place.
 B = Non-inter-level travel time spent in this place.
 C = Inter-level travel time spent in this place.
 D = Time resting spent in this place.
 E = Time spent auto-exploring this place.
 F = Levels seen in this place.
 G = Mean time per level.
                   A        B        C        D        E       F      G
               +--------+--------+--------+--------+--------+-----+--------+
         Total |    920 |    891 |     29 |     33 |    621 |   2 |  460.0 |
       Dungeon |    920 |    891 |     29 |     33 |    621 |   2 |  460.0 |
               +--------+--------+--------+--------+--------+-----+--------+

Top non-repeatable levels by time:
     D:1: 786 daAuts
     D:2: 134 daAuts
